 Dungeon Crawl Stone Soup version 0.24.0-123-gd5b16e6ec5 (webtiles) character file.

Game seed: 516669634025066008, levelgen mode: deterministic

161 Notrik the Skirmisher (level 5, 0/50 HPs)
             Began as a Minotaur Fighter on Feb 7, 2020.
             Slain by an orc priest (3 damage)
             ... on level 3 of the Dungeon.
             The game lasted 00:03:46 (1993 turns).

Notrik the Skirmisher (Minotaur Fighter)            Turns: 1993, Time: 00:03:47

Health: 0/50       AC:  8    Str: 22    XL:     5   Next: 19%
Magic:  0/4        EV:  7    Int:  5    God:
Gold:   115        SH: 10    Dex:  9    Spells: 4/4 levels left

rFire    . . .     SeeInvis .   a - +0 war axe
rCold    . . .     Gourm    .   c - +0 shield
rNeg     . . .     Faith    .   b - +0 scale mail
rPois    .         Spirit   +   (helmet restricted)
rElec    .         Reflect  .   h - scarf {Spirit}
rCorr    .         Harm     .   k - +0 pair of gloves (curse)
MR       .....                  (no boots)
Stlth    ..........             (no amulet)
HPRegen  0.16/turn              (no ring)
MPRegen  0.09/turn              (no ring)

@: no status effects
A: retaliatory headbutt, horns 2
a: no special abilities


You were on level 3 of the Dungeon.
You were not hungry.

You visited 1 branch of the dungeon, and saw 3 of its levels.

You collected 115 gold pieces.

Inventory:

Hand Weapons
 a - a +0 war axe (weapon)
Missiles
 j - a throwing net (quivered) {!f}
Armour
 b - a +0 scale mail (worn)
 c - a +0 shield (worn)
 h - a scarf of spirit shield (worn)
   (You found it on level 1 of the Dungeon)
 k - a cursed +0 pair of gloves (worn)
   (You found it on level 2 of the Dungeon)
Jewellery
 m - an uncursed ring of protection from cold {unknown}
   (You found it on level 1 of the Dungeon)
 n - an uncursed ring of resist corrosion {unknown}
   (You found it on level 3 of the Dungeon)
Scrolls
 g - 3 scrolls of identify {@r1}
 i - a scroll of random uselessness {unknown}
 l - 2 scrolls of teleportation {unknown}
 p - a scroll of enchant armour {unknown}
Potions
 d - 2 potions of might
 f - a potion of flight {unknown}
 o - a potion of mutation {unknown}
 q - 3 potions of curing {unknown}
 r - a potion of heal wounds {unknown}
Comestibles
 e - 5 rations {!d}
 s - 3 chunks of flesh


   Skills:
 * Level 6.2 Fighting
 - Level 2.4 Axes
 - Level 3.6 Armour
 + Level 5.0 Shields


You had 4 spell levels left.
You didn't know any spells.
Your spell library contained the following spells:

 Spells                   Type           Power        Failure   Level  Hunger
 Summon Small Mammal      Summ           #...         99%         1    ##.....
 Call Imp                 Summ           #.......     100%        2    ###....
 Call Canine Familiar     Summ           #.......     100%        3    ####...
 Summon Guardian Golem    Hex/Summ       #.......     100%        3    ####...
 Summon Ice Beast         Ice/Summ       #.......     100%        4    #####..
 Summon Lightning Spire   Summ/Air       #.......     100%        4    #####..


Dungeon Overview and Level Annotations

Branches:
Dungeon (3/15)

Altars:
Ashenzari
Nemelex Xobeh


Innate Abilities, Weirdness & Mutations

You reflexively headbutt those who attack you in melee.
You have a pair of horns on your head.


Message History

You closely miss the orc. The orc hits you but does no damage.
You hit the orc.
You kill the orc!
The orc wizard casts a spell at you.
The magic dart hits you but does no damage.
The orc wizard looks braver for a moment.
You barely miss the orc wizard. Your headbutt misses the orc wizard.
The orc wizard hits you with a +0 dagger.
The orc wizard hits you but does no damage.
You slash the orc wizard! You headbutt the orc wizard.
You kill the orc wizard!
Your Fighting skill increases to level 6!
Your Shields skill increases to level 5!
You have reached level 5!
An orc priest comes into view.
The orc priest invokes the aid of Beogh against you.
Beogh smites you!
You slash the orc!
You kill the orc!
You closely miss the orc. The orc hits you with a +0 club.
You slash the orc!
You kill the orc!
The orc priest mumbles some strange prayers to Beogh against you.
Beogh smites you!
* * * LOW HITPOINT WARNING * * *
The orc priest hits you.
* * * LOW HITPOINT WARNING * * *
Items here: ))) [[ †† You hit the orc priest.
The orc priest hits you but does no damage.
The orc priest barely misses you.
You hit the orc priest. You block the orc priest's attack.
You hit the orc priest but do no damage.
The orc priest begins to cast a cantrip, but forgets the words!
You hit the orc priest. Your headbutt misses the orc priest.
The orc priest barely misses you.
The orc priest mumbles some strange prayers to Beogh against you.
Pain shoots through your body!
* * * LOW HITPOINT WARNING * * *
You completely miss the orc priest.
The orc priest casts a cantrip, but nothing happens.
You closely miss the orc priest. Your headbutt misses the orc priest.
The orc priest invokes the aid of Beogh against you.
Beogh smites you!
* * * LOW HITPOINT WARNING * * *
The orc priest hits you.
* * * LOW HITPOINT WARNING * * *
You hit the orc priest but do no damage.
The orc priest hits you.
You die...

..#. ... #.. ### #.#
#.. .≈ #.# ###
###.##.≈ #####<## #..
..#.##.. ##.##...#
#.# #.#.##≈≈
##..#....# #o#
#.#.##.≈ #...#....# #
#@# ######.#.##.≈
....#.####
#.##.####........##.≈
......#
#..................≈≈
......#
####.####.####.####≈.
....#.# #.###.#.###.#
#≈. #####.#
#.##.###.##.# #..
....#.# #.....#.....#
#.. ....#.#
###.##.##.###.....
......#
###.##.##.###.####


You could see an orc priest.

Vanquished Creatures
  An orc wizard (D:3)
  Natasha (D:3)
  6 adders
  A worm (D:3)
  A dart slug (D:2)
  3 leopard geckos
  4 orcs (D:3)
  3 giant cockroaches
  A goblin (D:1)
  5 hobgoblins
  4 jackals (D:2)
  5 kobolds
  4 bats
  A frilled lizard (D:1)
  4 rats
44 creatures vanquished.

Notes
Turn   | Place    | Note
-------+----------+-------------------------------------------
     0 | D:1      | Notrik the Minotaur Fighter began the quest for the Orb.
     0 | D:1      | Reached XP level 1. HP: 19/19 MP: 0/0
   141 | D:1      | Reached skill level 4 in Fighting
   198 | D:1      | Reached XP level 2. HP: 24/27 MP: 1/1
   841 | D:2      | Found a sparkling altar of Nemelex Xobeh.
   895 | D:2      | Reached XP level 3. HP: 34/34 MP: 2/2
  1106 | D:2      | Reached skill level 5 in Fighting
  1430 | D:2      | Reached XP level 4. HP: 42/42 MP: 3/3
  1624 | D:3      | Found a shattered altar of Ashenzari.
  1684 | D:3      | Found a faded altar of an unknown god.
  1729 | D:3      | Noticed Natasha
  1741 | D:3      | Killed Natasha
  1982 | D:3      | Reached skill level 6 in Fighting
  1982 | D:3      | Reached skill level 5 in Shields
  1982 | D:3      | Reached XP level 5. HP: 49/50 MP: 4/4
  1992 | D:3      | HP: 2/50 [orc priest (1)]
  1993 | D:3      | Slain by an orc priest

Levels and vault maps discovered:
D:1:      ebering_trefoil_3fold, layout_basic
D:2:      layout_loops_ring, nemelex_xobeh_ov_fountains_minmay
D:3:      layout_loops_ring, chequers_ecumenical_altar_island,
          chequers_mini_garden, nicolae_ashenzari_panopticon, uniq_terence,
          uniq_natasha

Skill      XL: |  1  2  3  4 |
---------------+-------------+-----
Fighting       | 4 5 6 |  6.2
Shields        | 4 5 |  5.0
Axes           | |  2.4
Armour         | |  3.6

Action                   |  1- 3 |  4- 6 || total
-------------------------+-------+-------++-------
Melee: War axe           |    81 |    49 ||   130
       Headbutt          |    16 |     7 ||    23
  Use: Scroll            |       |     2 ||     2
  Eat: Chunk             |     2 |     2 ||     4
Armor: Scale mail        |    32 |    17 ||    49
Dodge: Dodged            |    28 |    13 ||    41
Block: Shield            |    50 |    17 ||    67
